 Dungeon Crawl Stone Soup version 0.30.0-15-g856e2d3f33 (webtiles) character file.

Game seed: 2895454926519990470

7516 qw the Cleaver (level 11, -8/71 HPs)
             Began as a Gargoyle Cinder Acolyte on May 18, 2023.
             Was an Initiate of Okawaru.
             Mangled by a fire elemental (10 damage)
             ... created by the fiery vengeance of Ignis
             ... on level 9 of the Dungeon.
             The game lasted 00:05:25 (10403 turns).

qw the Cleaver (Gargoyle Cinder Acolyte)           Turns: 10403, Time: 00:05:26

Health: -8/71      AC: 31    Str: 23    XL:     11   Next: 16%
Magic:  12/12      EV:  7    Int: 14    God:    Okawaru [......]
Gold:   365        SH:  0    Dex:  3    Spells: 12/12 levels left

rFire   . . .        Y - +1 war axe
rCold   . . .        (no shield)
rNeg    + + +        n - +0 plate armour
rPois   inf          (no helmet)
rElec   +            o - +1 cloak "Ymural" {Contam rN+++ Will++ Dex-2}
rCorr   +            m - +0 pair of gloves
SInv    .            i - +1 pair of boots
Will    ++...        b - amulet of the acrobat Stlth
                     d - ring of resist corrosion
HPRegen 0.31/turn    k - +4 ring of protection
MPRegen 0.13/turn

%: acrobat
@: about to teleport, fire susceptible
A: sickness immunity, AC +8, negative energy resistance 1, electricity
resistance, torment resistance 1, petrification resistance
a: Renounce Religion


You were on level 9 of the Dungeon.
You worshipped Okawaru.
Okawaru was noncommittal.
You visited 3 branches of the dungeon, and saw 11 of its levels.
You also visited: Ossuary.

You collected 480 gold pieces.
You spent 115 gold pieces at shops.


Innate Abilities, Weirdness & Mutations

You are immune to sickness and miasma.
Your stone body is resilient. (AC +8)
You are immune to poison.
You resist negative energy. (rN+)
You are resistant to electric shocks. (rElec)
You are resistant to unholy torment.
You are immune to petrification.


   Skills:
 - Level 9.5 Fighting
 - Level 12.0 Axes
 - Level 1.4 Throwing
 + Level 8.0 Armour
 - Level 1.0 Spellcasting
 - Level 3.0 Fire Magic


You had 12 spell levels left.
You didn't know any spells.
Your spell library contained the following spells:

 Spells                   Type           Power      Damage    Failure   Level
 Scorch                   Fire           18%        2d6       85%         2

Inventory:

Hand Weapons
 j - a +1 hand axe of flaming
 Y - a +1 war axe (weapon)
Missiles
 c - 3 boomerangs (quivered)
Armour
 i - a +1 pair of boots (worn)
 m - a +0 pair of gloves (worn)
 n - a +0 plate armour (worn)
 o - the +1 cloak "Ymural" (worn) {Contam rN+++ Will++ Dex-2}
   (You found it on level 7 of the Dungeon)

   Dex:       It affects your dexterity (-2).
   rN:        It renders you almost immune to negative energy.
   Contam:    It causes magical contamination when unequipped.
   Will:      It greatly increases your willpower.
Jewellery
 b - an amulet of the acrobat (around neck)
 d - a ring of resist corrosion (left hand)
 k - a +4 ring of protection (right hand)
Scrolls
 a - 5 scrolls of identify
Potions
 e - a potion of haste
 f - 2 potions of might
 h - 11 potions of curing
 l - a potion of resistance
 p - a potion of cancellation

Dungeon Overview and Level Annotations

Branches:
Dungeon (9/15)             Temple (1/1) D:7            Lair (1/5) D:9
Ossuary (visited)
    Orc: D:9-12

Altars:
Ashenzari
Cheibriados
Dithmenos
Elyvilon
Fedhas
Gozag
Hepliaklqana
Kikubaaqudgha
Makhleb
Nemelex Xobeh
Okawaru
Qazlal
Ru
Sif Muna
Trog
Uskayaw
Vehumet
Wu Jian
Xom
Yredelemnul

Shops:
D:1 [   D:3 ?   D:4 !

Annotations:
D:9 2 transporters


Message History

You closely miss the fire elemental.
The fire elemental is moderately damaged.
You closely miss the fire elemental. The fire elemental hits you.
The fire elemental burns you! The fire elemental hits you.
The fire elemental burns you!
You slash the fire elemental!
The fire elemental is severely damaged.
You hit the fire elemental but do no damage.
You miss the fire elemental. The fire elemental hits you.
The fire elemental burns you! The fire elemental barely misses you.
The fire elemental hits you. The fire elemental burns you!
You slash the fire elemental!
You destroy the fire elemental!
That felt strangely unrewarding.
You hit the fire elemental. You barely miss the fire elemental.
The fire elemental barely misses you. The fire elemental hits you.
You closely miss the fire elemental.
The fire elemental is lightly damaged.
You hit the fire elemental.
The fire elemental hits you. x2; The fire elemental burns you!
You slash the fire elemental!
The fire elemental is moderately damaged.
You closely miss the fire elemental.
The fire elemental hits you. x3; The fire elemental burns you!
You barely miss the fire elemental.
The fire elemental is moderately damaged.
You barely miss the fire elemental. The fire elemental hits you.
The fire elemental burns you!
The fire elemental completely misses you.
10402 ||| READING scroll of teleportation.
As you read the scroll of teleportation, it crumbles to dust.
You feel strangely unstable. The fire elemental hits you.
The fire elemental barely misses you. The fire elemental hits you.
The fire elemental burns you!
You slash the fire elemental!
The fire elemental is severely damaged.
You closely miss the fire elemental. The fire elemental hits you.
The fire elemental burns you!
You die...

#####......##.###.##.#.#####...#.
#......##.##.....#.........#.
#......####...####.######..#.
#......###..!..##..........#.
#......##.......##.#######.#.
#.#######.....P.#............ #
#.# #..........?.###..#.## #
#.######.....E...#..#...<#.#
#####.#........%@.......#.#<.#:#
....#.#..........E......#.#..#.#
....#.######............#.#..#.#
............#.P..P..#...#....#.#
.#...####.###.......##.#####.#.#
.#.^.# #...##.....##........#.#
####### ###.###...###..........#
0.hb).0.#........##..#)##########
.0$[[0..#......####..............


You could see 2 fire elementals.

Vanquished Creatures
  2 two-headed ogres (D:9)
  An ugly thing (D:9)
  A rust devil (D:6)
  2 wyverns
  6 yaks (D:9)
  Eustachio (D:5)
  A steam dragon (D:7)
  Menkaure (D:5)
  A fire elemental (D:9)
  An acid dragon (D:9)
  A water moccasin (D:7)
  3 orc warriors
  6 black bears
  An ice beast (D:5)
  4 sky beasts
  2 phantoms
  A kobold brigand (D:9)
  2 bullfrogs
  2 elf zombies (Ossuary)
  2 scorpions (D:6)
  5 wights (D:7)
  14 killer bees
  2 vampire bats (D:4)
  2 howler monkeys
  A centaur zombie (Ossuary)
  3 human zombies (Ossuary)
  2 hounds
  A jelly (D:4)
  7 orc priests
  Terence (D:2)
  An iguana (D:4)
  2 sleepcaps
  5 orc wizards
  2 mummies (Ossuary)
  4 adders
  4 gnolls (D:4)
  5 white imps
  An ufetubus (D:6)
  3 worms
  6 dart slugs
  19 orcs
  10 endoplasms
  2 giant cockroaches
  A goblin (D:3)
  9 hobgoblins
  6 jackals
  4 quokkas
  13 ball pythons
  13 bats
  6 frilled lizards
  A goblin zombie (Ossuary)
  13 hobgoblin zombies (Ossuary)
  10 kobolds
  7 kobold zombies (Ossuary)
  9 orc zombies (Ossuary)
  7 rats
  A rat zombie (Ossuary)
243 creatures vanquished.

Vanquished Creatures (others)
  5 dream sheep (D:5)
5 creatures vanquished.

Grand Total: 248 creatures vanquished

Notes
Turn   | Place    | Note
-------+----------+-------------------------------------------
     0 | D:1      | qw the Gargoyle Cinder Acolyte began the quest for the Orb.
     0 | D:1      | Reached XP level 1. HP: 14/14 MP: 2/2
     0 | D:1      | 0 ||| qw: Version: 0.2-a-95-gc95f03d
     0 | D:1      | 0 ||| qw: Game counter: 26
     0 | D:1      | 0 ||| qw: Always use a shield: true
     0 | D:1      | 0 ||| qw: God list: Okawaru
     0 | D:1      | 0 ||| qw: Allow faded altars: false
     0 | D:1      | 0 ||| qw: Do Orc after D:15 true
     0 | D:1      | 0 ||| qw: Do second Lair branch before Depths: true
     0 | D:1      | 0 ||| qw: Lair rune preference: random
     0 | D:1      | 0 ||| qw: Plans: Normal
     0 | D:1      | 0 ||| PLANNING D:1-11
    71 | D:1      | 71 ||| INVOKING Fiery Armour.
    78 | D:1      | Reached skill level 3 in Axes
   172 | D:1      | Found Bulo's Armour Boutique.
   175 | D:1      | 175 ||| SHOPLISTING +0 pair of boots (49 gold, have 15).
   175 | D:1      | 175 ||| SHOPLISTING +0 ring mail (44 gold, have 15).
   175 | D:1      | 175 ||| SHOPLISTING +2 ice dragon scales of Peek-a-Boo {rF-
                  | rC++ Dex+2 SInv} (939 gold, have 15).
   175 | D:1      | 175 ||| SHOPLISTING +2 scale mail of cold resistance (231
                  | gold, have 15).
   175 | D:1      | 175 ||| SHOPLISTING +2 scale mail of fire resistance (231
                  | gold, have 15).
   175 | D:1      | 175 ||| SHOPLISTING +6 chain mail of Cinurch {rElec rPois
                  | Will- rCorr} (595 gold, have 15).
   198 | D:1      | Reached XP level 2. HP: 19/19 MP: 3/3
   297 | D:1      | 297 ||| Stepping ~*~*~tactically~*~*~ (hiding).
   397 | D:1      | Reached XP level 3. HP: 23/23 MP: 4/4
   708 | D:1      | Reached skill level 4 in Axes
  1054 | D:1      | 1054 ||| UPGRADING to +0 leather armour.
  1064 | D:1      | 1064 ||| DROPPING +0 robe.
  1065 | D:1      | 1065 ||| READING scroll labelled YGUSU ENAW DUE.
  1066 | D:1      | 1066 ||| READING 2 scrolls labelled ZONIRO MERR.
  1067 | D:1      | 1067 ||| READING scroll labelled OQUHU RIARUFF.
  1068 | D:1      | 1068 ||| READING scroll labelled OCEADWI ZIRCH.
  1069 | D:1      | 1069 ||| DRINKING 2 green potions.
  1070 | D:1      | 1070 ||| DROPPING scroll of poison.
  1078 | D:2      | Found a faded altar of an unknown god.
  1156 | D:2      | Noticed Terence
  1170 | D:2      | 1170 ||| INVOKING Fiery Armour.
  1173 | D:2      | Killed Terence
  1174 | D:2      | Reached XP level 4. HP: 14/28 MP: 5/5
  1178 | D:2      | 1178 ||| Stepping ~*~*~tactically~*~*~ (stealth).
  1179 | D:2      | 1179 ||| Stepping ~*~*~tactically~*~*~ (stealth).
  1180 | D:2      | 1180 ||| Stepping ~*~*~tactically~*~*~ (stealth).
  1181 | D:2      | 1181 ||| Stepping ~*~*~tactically~*~*~ (stealth).
  1250 | D:2      | 1250 ||| Stepping ~*~*~tactically~*~*~ (stealth).
  1251 | D:2      | 1251 ||| Stepping ~*~*~tactically~*~*~ (stealth).
  1252 | D:2      | 1252 ||| Stepping ~*~*~tactically~*~*~ (stealth).
  1515 | D:2      | 1515 ||| Stepping ~*~*~tactically~*~*~ (hiding).
  1603 | D:2      | Reached skill level 5 in Axes
  1639 | D:2      | Reached XP level 5. HP: 32/32 MP: 6/6
  1941 | D:2      | 1941 ||| UPGRADING to +0 ring mail.
  1951 | D:2      | 1951 ||| DROPPING +0 leather armour.
  1952 | D:2      | 1952 ||| READING 2 scrolls labelled APPELEKHLATEI.
  1953 | D:2      | 1953 ||| READING 2 scrolls labelled YXEOBO GEAL.
  1954 | D:2      | 1954 ||| DRINKING 3 red potions.
  1955 | D:2      | 1955 ||| DROPPING scroll of fog.
  2037 | D:3      | Found a radiant altar of Vehumet.
  2190 | D:3      | Reached skill level 1 in Armour
  2233 | D:3      | Found a shimmering blue altar of Sif Muna.
  2309 | D:3      | 2309 ||| Stepping ~*~*~tactically~*~*~ (hiding).
  2518 | D:3      | 2518 ||| Stepping ~*~*~tactically~*~*~ (hiding).
  2657 | D:3      | Found Keuriezuub's Magic Scroll Emporium.
  2665 | D:3      | 2665 ||| BUYING scroll of enchant weapon (75 gold).
  2665 | D:3      | Bought a scroll of enchant weapon for 75 gold pieces
  2665 | D:3      | 2665 ||| BUYING scroll of identify (20 gold).
  2665 | D:3      | Bought a scroll of identify for 20 gold pieces
  2665 | D:3      | 2665 ||| BUYING scroll of identify (20 gold).
  2665 | D:3      | Bought a scroll of identify for 20 gold pieces
  2665 | D:3      | 2665 ||| SHOPLISTING scroll of identify (20 gold, have 19).
  2665 | D:3      | 2665 ||| SHOPLISTING scroll of teleportation (30 gold, have
                  | 19).
  2665 | D:3      | 2665 ||| READING scroll of enchant weapon.
  2665 | D:3      | 2665 ||| ENCHANTING -1 hand axe of flaming.
  2914 | D:3      | 2914 ||| UPGRADING to +0 chain mail.
  2924 | D:3      | 2924 ||| DROPPING +0 ring mail.
  2925 | D:3      | 2925 ||| READING 2 scrolls labelled LIKHOFF IFIOME.
  2926 | D:3      | 2926 ||| DRINKING 2 sedimented ruby potions.
  2964 | D:3      | 2964 ||| READING 3 scrolls of identify.
  2964 | D:3      | 2964 ||| IDENTIFYING white potion
  2965 | D:3      | 2965 ||| READING 2 scrolls of identify.
  2965 | D:3      | 2965 ||| IDENTIFYING smoky amethyst potion
  2966 | D:3      | 2966 ||| DROPPING potion of lignification.
  2967 | D:3      | 2967 ||| DROPPING potion of berserk rage.
  2968 | D:3      | 2968 ||| DROPPING potion of attraction.
  3001 | D:4      | 3001 ||| READING scroll of enchant weapon.
  3001 | D:4      | 3001 ||| ENCHANTING +0 hand axe of flaming.
  3034 | D:4      | 3034 ||| Stepping ~*~*~tactically~*~*~ (hiding).
  3035 | D:4      | 3035 ||| Stepping ~*~*~tactically~*~*~ (hiding).
  3256 | D:4      | 3256 ||| Stepping ~*~*~tactically~*~*~ (stealth).
  3290 | D:4      | 3290 ||| Stepping ~*~*~tactically~*~*~ (stealth).
  3305 | D:4      | Found Xakluaf's Distillery.
  3313 | D:4      | 3313 ||| SHOPLISTING potion of curing (39 gold, have 30).
  3313 | D:4      | 3313 ||| SHOPLISTING potion of heal wounds (65 gold, have
                  | 30).
  3313 | D:4      | 3313 ||| SHOPLISTING potion of resistance (130 gold, have
                  | 30).
  3313 | D:4      | Found a burning altar of Makhleb.
  3313 | D:4      | Found a hazy altar of Hepliaklqana.
  3317 | D:4      | Found a basalt altar of Yredelemnul.
  3423 | D:4      | 3423 ||| SWAPPING to +2 hand axe of electrocution.
  3487 | D:4      | Reached XP level 6. HP: 35/38 MP: 7/7
  3629 | D:4      | 3629 ||| Stepping ~*~*~tactically~*~*~ (stealth).
  3755 | D:4      | 3755 ||| Stepping ~*~*~tactically~*~*~ (stealth).
  3768 | D:4      | 3768 ||| INVOKING Fiery Armour.
  3780 | D:4      | Reached skill level 6 in Axes
  4076 | D:4      | 4076 ||| UPGRADING to +0 pair of boots.
  4081 | D:4      | 4081 ||| READING scroll of enchant armour.
  4081 | D:4      | 4081 ||| ENCHANTING +0 pair of boots.
  4082 | D:4      | 4082 ||| UPGRADING to ring of resist corrosion.
  4083 | D:4      | 4083 ||| DROPPING ring of magical power.
  4084 | D:4      | 4084 ||| READING scroll labelled ROOPNE FEOZEH.
  4085 | D:4      | 4085 ||| READING 2 scrolls of identify.
  4085 | D:4      | 4085 ||| IDENTIFYING yellow potion
  4118 | D:5      | Entered Level 5 of the Dungeon
  4168 | D:5      | Noticed a dream sheep
  4168 | D:5      | Noticed a dream sheep
  4168 | D:5      | Noticed a dream sheep
  4168 | D:5      | Noticed a dream sheep
  4168 | D:5      | Noticed a dream sheep
  4168 | D:5      | Found a shimmering altar of Xom.
  4173 | D:5      | Killed a dream sheep
  4173 | D:5      | Killed a dream sheep
  4173 | D:5      | Killed a dream sheep
  4174 | D:5      | Killed a dream sheep
  4174 | D:5      | Killed a dream sheep
  4175 | D:5      | 4175 ||| Stepping ~*~*~tactically~*~*~ (cloud).
  4324 | D:5      | You fall into a shaft and drop 1 floor!
  4326 | D:6      | 4326 ||| PLANNING OSSUARY
  4456 | D:6      | Noticed a sky beast
  4459 | D:6      | 4459 ||| Stepping randomly (disturbance).
  4460 | D:6      | 4460 ||| Stepping randomly (disturbance).
  4461 | D:6      | 4461 ||| Stepping randomly (disturbance).
  4485 | D:6      | Killed a sky beast
  4486 | D:6      | Reached skill level 3 in Armour
  4486 | D:6      | Reached XP level 7. HP: 43/43 MP: 8/8
  4521 | D:6      | Found a sand-covered staircase.
  4524 | D:6      | 4524 ||| INVOKING Fiery Armour.
  4548 | D:6      | 4548 ||| Stepping ~*~*~tactically~*~*~ (stealth).
  4549 | D:6      | 4549 ||| Stepping ~*~*~tactically~*~*~ (stealth).
  4552 | D:6      | 4552 ||| Stepping ~*~*~tactically~*~*~ (stealth).
  4559 | D:6      | 4559 ||| Stepping ~*~*~tactically~*~*~ (stealth).
  4565 | D:6      | 4565 ||| Stepping ~*~*~tactically~*~*~ (stealth).
  4568 | D:6      | 4568 ||| Stepping ~*~*~tactically~*~*~ (stealth).
  4569 | D:6      | 4569 ||| Stepping ~*~*~tactically~*~*~ (stealth).
  4573 | D:6      | 4573 ||| Stepping ~*~*~tactically~*~*~ (stealth).
  4585 | D:6      | Reached skill level 7 in Axes
  4638 | D:6      | 4638 ||| READING scroll labelled TONAOXZ VOQE.
  4639 | D:6      | 4639 ||| READING scroll labelled UKELUTT KIUHE.
  4643 | D:6      | 4643 ||| READING scroll labelled BILOIL QIDAMM.
  4659 | D:6      | 4659 ||| Stepping ~*~*~tactically~*~*~ (hiding).
  4691 | Ossuary  | Entered an ossuary
  4741 | Ossuary  | 4741 ||| Stepping ~*~*~tactically~*~*~ (stealth).
  4742 | Ossuary  | 4742 ||| Stepping ~*~*~tactically~*~*~ (stealth).
  4786 | Ossuary  | 4786 ||| INVOKING Fiery Armour.
  4819 | Ossuary  | Reached XP level 8. HP: 40/50 MP: 9/9
  4828 | Ossuary  | Reached skill level 1 in Throwing
  5094 | Ossuary  | 5094 ||| READING scroll labelled ETOMO YFOQUS.
  5095 | Ossuary  | 5095 ||| DRINKING 3 viscous brown potions.
  5096 | Ossuary  | 5096 ||| DROPPING 2 potions of flight.
  5110 | D:6      | 5110 ||| PLANNING D:1-11
  5456 | D:5      | Noticed Eustachio
  5476 | D:5      | Reached skill level 8 in Axes
  5482 | D:5      | Killed Eustachio
  5483 | D:5      | Reached skill level 6 in Fighting
  5655 | D:5      | 5655 ||| Stepping ~*~*~tactically~*~*~ (stealth).
  5719 | D:5      | Found a sparkling altar of Nemelex Xobeh.
  5830 | D:5      | Noticed Menkaure
  5831 | D:5      | 5831 ||| Stepping ~*~*~tactically~*~*~ (hiding).
  5847 | D:5      | 5847 ||| INVOKING Fiery Armour.
  5848 | D:5      | Killed Menkaure
  5849 | D:5      | Reached XP level 9. HP: 25/55 MP: 10/10
  6036 | D:5      | 6036 ||| DROPPING scarf of harm.
  6037 | D:5      | 6037 ||| UPGRADING to +4 ring of protection.
  6038 | D:5      | 6038 ||| READING scroll labelled BAELAV LENYAME.
  6039 | D:5      | 6039 ||| READING 5 scrolls of identify.
  6039 | D:5      | 6039 ||| IDENTIFYING ruby potion
  6040 | D:5      | 6040 ||| DROPPING potion of invisibility.
  6121 | D:6      | 6121 ||| SWAPPING to +0 war axe.
  6134 | D:6      | 6134 ||| DROPPING +2 hand axe of draining.
  6179 | D:6      | Reached skill level 9 in Axes
  6390 | D:6      | 6390 ||| UPGRADING to +0 pair of gloves.
  6395 | D:6      | 6395 ||| DRINKING 2 bubbling coppery potions.
  6444 | D:7      | 6444 ||| Stepping ~*~*~tactically~*~*~ (hiding).
  6452 | D:7      | 6452 ||| Stepping ~*~*~tactically~*~*~ (stealth).
  6454 | D:7      | 6454 ||| Stepping ~*~*~tactically~*~*~ (stealth).
  6461 | D:7      | 6461 ||| INVOKING Fiery Armour.
  6574 | D:7      | Identified the +1 cloak "Ymural" {Contam rN+++ Will++
                  | Dex-2}
  6596 | D:7      | 6596 ||| UPGRADING to +0 plate armour.
  6606 | D:7      | 6606 ||| DROPPING +0 chain mail.
  6607 | D:7      | 6607 ||| UPGRADING to +1 cloak "Ymural" {Contam rN+++
                  | Will++ Dex-2}.
  6652 | D:7      | 6652 ||| Stepping ~*~*~tactically~*~*~ (hiding).
  6653 | D:7      | 6653 ||| Stepping ~*~*~tactically~*~*~ (hiding).
  6654 | D:7      | 6654 ||| Stepping ~*~*~tactically~*~*~ (hiding).
  6690 | D:7      | Reached skill level 6 in Armour
  6796 | D:7      | 6796 ||| Stepping ~*~*~tactically~*~*~ (hiding).
  6854 | D:7      | Found an ornate altar of the Wu Jian Council.
  6955 | D:7      | 6955 ||| INVOKING Fiery Armour.
  7099 | D:7      | Found a staircase to the Ecumenical Temple.
  7194 | D:7      | Reached skill level 10 in Axes
  7214 | D:6      | Noticed a rust devil
  7214 | D:6      | Noticed a rust devil
  7215 | D:6      | 7215 ||| INVOKING Fiery Armour.
  7229 | D:6      | 7229 ||| DRINKING potion of cancellation.
  7233 | D:6      | Killed a rust devil
  7234 | D:6      | Reached XP level 10. HP: 32/63 MP: 11/11
  7238 | D:6      | 7238 ||| READING scroll of teleportation.
  7239 | D:6      | HP: 15/63 [orc warrior/+0 trident (8)]
  7816 | D:7      | 7816 ||| READING 7 scrolls of identify.
  7816 | D:7      | 7816 ||| IDENTIFYING bubbling puce potion
  7817 | D:7      | 7817 ||| DROPPING potion of degeneration.
  7843 | D:8      | 7843 ||| Stepping ~*~*~tactically~*~*~ (hiding).
  7845 | D:8      | 7845 ||| Stepping ~*~*~tactically~*~*~ (hiding).
  7846 | D:8      | 7846 ||| Stepping ~*~*~tactically~*~*~ (hiding).
  7847 | D:8      | 7847 ||| Stepping ~*~*~tactically~*~*~ (hiding).
  7848 | D:8      | 7848 ||| Stepping ~*~*~tactically~*~*~ (hiding).
  8274 | D:8      | 8274 ||| INVOKING Fiery Armour.
  8356 | D:8      | 8356 ||| Stepping ~*~*~tactically~*~*~ (stealth).
  8405 | D:8      | 8405 ||| Stepping ~*~*~tactically~*~*~ (stealth).
  8406 | D:8      | 8406 ||| Stepping ~*~*~tactically~*~*~ (stealth).
  8511 | D:8      | Found a snail-covered altar of Cheibriados.
  8780 | D:8      | 8780 ||| READING 6 scrolls of identify.
  8780 | D:8      | 8780 ||| IDENTIFYING coppery potion
  8781 | D:8      | 8781 ||| READING 5 scrolls of identify.
  8781 | D:8      | 8781 ||| IDENTIFYING bubbling emerald potion
  8782 | D:8      | 8782 ||| DROPPING potion of ambrosia.
  8795 | D:9      | 8795 ||| INVOKING Fiery Armour.
  8826 | D:9      | 8826 ||| Stepping ~*~*~tactically~*~*~ (hiding).
  8979 | D:9      | 8979 ||| Stepping ~*~*~tactically~*~*~ (stealth).
  8984 | D:9      | Noticed a two-headed ogre
  8986 | D:9      | 8986 ||| INVOKING Fiery Armour.
  8995 | D:9      | Killed a two-headed ogre
  8996 | D:9      | Reached skill level 11 in Axes
  9062 | D:9      | Found a staircase to the Lair.
  9065 | D:9      | 9065 ||| Stepping ~*~*~tactically~*~*~ (stealth).
  9154 | D:9      | Found a transporter.
  9184 | D:9      | 9184 ||| READING scroll of enchant weapon.
  9184 | D:9      | 9184 ||| ENCHANTING +0 war axe.
  9195 | D:9      | Found a transporter.
  9300 | D:9      | Found a stormy altar of Qazlal.
  9675 | D:9      | Noticed a green ugly thing
  9696 | D:9      | Killed a green ugly thing
  9697 | D:9      | Reached skill level 9 in Fighting
  9766 | D:9      | Noticed a two-headed ogre
  9777 | D:9      | 9777 ||| INVOKING Fiery Armour.
  9779 | D:9      | Killed a two-headed ogre
  9780 | D:9      | Reached XP level 11. HP: 32/71 MP: 12/12
  9957 | D:9      | 9957 ||| PLANNING TEMPLE
  9957 | D:9      | 9957 ||| UPGRADING to amulet of the acrobat.
  9962 | D:9      | 9962 ||| READING scroll labelled XAUNEF HOISU.
 10145 | Temple   | Entered the Ecumenical Temple
 10163 | Temple   | 10163 ||| PLANNING OKAWARU WORSHIP
 10207 | Temple   | Fell from the grace of Ignis
 10207 | Temple   | Became a worshipper of Warmaster Okawaru
 10207 | Temple   | 10207 ||| PLANNING LAIR
 10301 | Lair:1   | Entered Level 1 of the Lair of Beasts
 10307 | Lair:1   | 10307 ||| STAIRDANCE
 10324 | D:9      | Reached skill level 12 in Axes
 10401 | D:9      | HP: 9/71 [fire elemental[the fiery vengeance of Ignis]
                  | (10)]
 10402 | D:9      | 10402 ||| READING scroll of teleportation.
 10402 | D:9      | HP: 2/71 [fire elemental[the fiery vengeance of Ignis] (7)]
 10403 | D:9      | Mangled by a fire elemental

Levels and vault maps discovered:
D:1:      scummos_arrival_checkerplants, layout_basic, serial_shops,
          nicolae_shop_window_shopping
D:2:      layout_loops_ring, hellmonk_ecumenical_altar_crossroads,
          chequers_serial_rivers_small_a, fountainhead, uniq_terence
D:3:      layout_basic, lemuel_crystal_altar, led_sif_pool, serial_shops,
          nicolae_shop_trees, minmay_misc_feat_alley
D:4:      layout_loops_cross, gammafunk_temple_overflow_claw, serial_shops,
          shop, roderic_batcave, kennysheep_nondescript
D:5:      layout_basic, nemelex_spade_bored_becter, kb_xom_exploding_sheep,
          uniq_eustachio, uniq_menkaure
D:6:      cheibrodos_iron_armory, layout_rooms, nicolae_ossuary_entry_monument,
          minmay_hedge_maze
D:7:      layout_basic, mainiacjoe_overflow_alcove_4,
          minmay_temple_entry_enclosed_plants
D:8:      layout_loops_cross, mainiacjoe_overflow_surrounded_room
D:9:      gammafunk_cloud_chamber, layout_basic,
          mainiacjoe_overflow_concentric_impassable, david_lair_generic,
          hangedman_abyss_or_decor_lesser_grid, grunt_decor_mini_mirrors
Temple:   cyrus_temple_forest
Lair:1:   layout_cave_pods, serial_bayou_shore_b, uniq_amaemon

Skill      XL: |  1  2  3  4  5  6  7  8  9 10 11 |
---------------+----------------------------------+-----
Axes           | 3 4 5 6 7 8 10 11 12 | 12.0
Armour         | 2 3 4 7 8 |  8.0
Fighting       | 4 5 6 7 9 |  9.5
Throwing       | 1 |  1.4
Spellcasting   | |  1.0
Fire Magic     | |  3.0

Action                     |  1- 3 |  4- 6 |  7- 9 | 10-12 || total
---------------------------+-------+-------+-------+-------++-------
  Melee: Hand axe          |   139 |   248 |   225 |       ||   612
         Punch             |     4 |     1 |     2 |     2 ||     9
         War axe           |       |       |   137 |   224 ||   361
  Throw: Boomerang         |       |       |    71 |    26 ||    97
 Invoke: Fiery Armour      |     2 |     1 |     6 |     4 ||    13
    Use: Scroll            |     4 |    10 |     6 |     7 ||    27
         Potion            |     1 |     2 |     3 |       ||     6
 Armour: Robe              |    34 |       |       |       ||    34
         Leather armour    |    14 |    26 |       |       ||    40
         Chain mail        |       |   102 |   185 |       ||   287
         Ring mail         |       |    23 |       |       ||    23
         Plate armour      |       |       |   104 |   220 ||   324
  Dodge: Dodged            |    84 |   106 |   108 |    84 ||   382

Table legend:
 A = Non-vault XP
 B = Vault XP
 C = Vault XP percentage of total XP
 D = Non-vault monster count
 E = Vault monster count
 F = Vault count percentage of total count
                 A         B        C        D         E       F
            +---------+---------+-------+---------+---------+-------
      Total |    8491 |    2247 |  20.9 |     186 |      56 |  23.1
            +---------+---------+-------+---------+---------+-------
        D:1 |      60 |       0 |   0.0 |      34 |       0 |   0.0
        D:2 |      71 |      36 |  33.6 |      25 |       1 |   3.8
        D:3 |      34 |       0 |   0.0 |      14 |       0 |   0.0
        D:4 |     214 |     120 |  35.9 |      19 |       8 |  29.6
        D:5 |     568 |     363 |  39.0 |       8 |       2 |  20.0
        D:6 |    1031 |     632 |  38.0 |      17 |       2 |  10.5
        D:7 |    1427 |       0 |   0.0 |      20 |       0 |   0.0
        D:8 |     828 |       0 |   0.0 |      18 |       0 |   0.0
        D:9 |    4258 |     666 |  13.5 |      31 |       4 |  11.4
    Ossuary |       0 |     430 | 100.0 |       0 |      39 | 100.0
            +---------+---------+-------+---------+---------+-------
